General information
- name: BNet
- type: Ladder team game (AT/RT)
- host: Battle.net
- saver: ImperatorOfRome
map: MarketSquare
- players: 8
- length: 40:06
- speed: Fast
- version: 1.26 W3XP
- replay type: Public
» download(223 KB)
Players
team 1 (loser)

»
frau_meder (
purple | 54 APM | 790 actions | 14:43)
5 Far Seer
2 Feral Spirit
3 Chain Lighting
» actions
| Assign group hotkey | 28 | |
| Basic commands | 7 | |
| Build / train | 49 | |
| Enter build submenu | 18 | |
| Enter hero's abilities submenu | 5 | |
| Right click | 367 | |
| Select / deselect | 178 | |
| Select group hotkey | 101 | |
| Use ability | 37 | |
790 total
» units
| Peon | 12 | |
| Grunt | 6 | |
| Shaman | 7 | |
| Wind Rider | 5 | |
30 total
» upgrades
| Shaman Training | 2 | |
| Berserker Strength | 1 | |
| Pillage | 1 | |
| Armor | 2 | |
| Envenomed Spears | 1 | |
7 total
» buildings
| Altar of Storms | 1 | |
| Orc Burrow | 7 | |
| Barracks | 1 | |
| Voodoo Lounge | 1 | |
| Stronghold | 1 | |
| War Mill | 1 | |
| Fortress | 1 | |
| Spirit Lodge | 1 | |
| Watch Tower | 2 | |
| Beastiary | 1 | |
| Great Hall | 1 | |
18 total
» build order
00:25 Altar of Storms
00:33 Orc Burrow
01:02 Barracks
01:24 Voodoo Lounge
01:35 Orc Burrow
02:47 Orc Burrow
03:24 Stronghold
04:42 War Mill
04:46 Orc Burrow
05:52 Fortress
05:54 Spirit Lodge
06:00 Watch Tower
07:29 Beastiary
07:37 Orc Burrow
08:37 Watch Tower
09:59 Great Hall
11:24 Orc Burrow
11:31 Orc Burrow
» items
| Healing Salve | 2 | |
| Lesser Clarity Potion | 2 | |
4 total

»
KeMaL (
red | 95 APM | 1939 actions | 20:24)
3 Blood Mage
2 Flame Strike
1 Siphon Mana
1 Archmage
1 Blizzard
» actions
| Assign group hotkey | 23 | |
| Build / train | 65 | |
| Enter build submenu | 23 | |
| Enter hero's abilities submenu | 4 | |
| Remove unit from queue | 1 | |
| Right click | 976 | |
| Select / deselect | 277 | |
| Select group hotkey | 526 | |
| Use ability | 44 | |
1939 total
» units
| Peasant | 8 | |
| Rifleman | 8 | |
| Mortar Team | 4 | |
| Flying Machine | 14 | |
34 total
» upgrades
| Gunpowder | 1 | |
| Long Rifles | 1 | |
| Lumber Harvesting | 1 | |
| Flare | 1 | |
| Fragmentation Shards | 1 | |
| Flak Cannons | 1 | |
| Flying Machine Bombs | 1 | |
7 total
» buildings
| Altar of Kings | 1 | |
| Farm | 9 | |
| Barracks | 1 | |
| Blacksmith | 1 | |
| Scout Tower | 5 | |
| Arcane Tower | 3 | |
| Lumber Mill | 1 | |
| Arcane Vault | 1 | |
| Keep | 1 | |
| Castle | 1 | |
| Workshop | 2 | |
| Town Hall | 1 | |
| Guard Tower | 2 | |
29 total
» build order
00:28 Altar of Kings
00:37 Farm
00:59 Barracks
01:16 Blacksmith
02:06 Farm
02:19 Scout Tower
02:28 Scout Tower
02:56 Arcane Tower
03:02 Lumber Mill
03:09 Arcane Tower
03:48 Farm
04:21 Farm
05:02 Arcane Vault
05:09 Keep
06:24 Farm
07:21 Farm
08:24 Castle
08:27 Workshop
09:11 Farm
09:20 Scout Tower
09:48 Town Hall
09:53 Scout Tower
09:56 Scout Tower
12:05 Guard Tower
12:06 Arcane Tower
17:45 Workshop
17:55 Guard Tower
19:26 Farm
19:28 Farm
» items
| Scroll of Regeneration | 5 | |
| Lesser Clarity Potion | 1 | |
| Scroll of Town Portal | 2 | |
| Potion of Healing | 2 | |
10 total
ImperatorOfRome (
teal | 76 APM | 3036 actions | 40:06)
10 Blood Mage
3 Flame Strike
3 Siphon Mana
1 Summon Phoenix
3 Banish
» actions
| Assign group hotkey | 28 | |
| Basic commands | 288 | |
| Build / train | 202 | |
| ESC pressed | 7 | |
| Enter build submenu | 99 | |
| Enter hero's abilities submenu | 10 | |
| Give item / drop item | 2 | |
| Right click | 979 | |
| Select / deselect | 510 | |
| Select group hotkey | 662 | |
| Use ability | 249 | |
3036 total
» units
| Peasant | 27 | |
| Footman | 14 | |
| Sorceress | 1 | |
| Gryphon Rider | 5 | |
| Dragonhawk Rider | 5 | |
52 total
» upgrades
| Masonry | 5 | |
| Lumber Harvesting | 2 | |
| Swords | 3 | |
| Armor | 3 | |
| Sorceress Training | 2 | |
| Magic Sentry | 1 | |
| Animal War Training | 1 | |
| Storm Hammers | 1 | |
| Cloud | 1 | |
| Reinforced Defenses | 1 | |
| Spiked Barricades | 3 | |
| Backpack | 1 | |
| Plating | 1 | |
| Ranged Weapons | 2 | |
27 total
» buildings
| Altar of Kings | 1 | |
| Barracks | 1 | |
| Farm | 12 | |
| Arcane Vault | 2 | |
| Town Hall | 2 | |
| Scout Tower | 43 | |
| Lumber Mill | 1 | |
| Arcane Tower | 3 | |
| Keep | 2 | |
| Guard Tower | 46 | |
| Blacksmith | 2 | |
| Castle | 1 | |
| Arcane Sanctum | 1 | |
| Gryphon Aviary | 4 | |
| Watch Tower | 20 | |
| Great Hall | 1 | |
| Voodoo Lounge | 1 | |
143 total
» build order
00:12 Altar of Kings
00:17 Barracks
00:20 Farm
01:00 Farm
01:43 Farm
02:19 Arcane Vault
03:32 Town Hall
04:41 Scout Tower
04:52 Farm
05:09 Lumber Mill
05:15 Scout Tower
05:22 Arcane Tower
05:22 Arcane Tower
05:45 Arcane Tower
05:49 Scout Tower
05:53 Scout Tower
05:57 Keep
06:17 Scout Tower
06:19 Scout Tower
06:20 Scout Tower
06:22 Scout Tower
06:30 Guard Tower
06:30 Guard Tower
06:31 Guard Tower
06:32 Guard Tower
06:32 Guard Tower
07:14 Guard Tower
07:14 Guard Tower
07:38 Blacksmith
07:41 Blacksmith
08:19 Castle
08:34 Arcane Sanctum
08:40 Scout Tower
08:43 Scout Tower
08:56 Scout Tower
09:21 Guard Tower
09:21 Guard Tower
09:39 Guard Tower
09:39 Guard Tower
09:40 Guard Tower
10:43 Scout Tower
10:46 Scout Tower
11:14 Gryphon Aviary
11:18 Farm
11:22 Gryphon Aviary
12:55 Farm
12:58 Scout Tower
13:10 Guard Tower
13:26 Gryphon Aviary
13:29 Gryphon Aviary
14:16 Guard Tower
15:53 Farm
15:56 Farm
15:57 Farm
16:07 Scout Tower
16:10 Farm
17:11 Guard Tower
17:28 Scout Tower
17:33 Scout Tower
17:36 Scout Tower
18:31 Guard Tower
18:31 Guard Tower
18:31 Guard Tower
20:34 Watch Tower
20:35 Watch Tower
20:35 Watch Tower
20:36 Watch Tower
20:36 Watch Tower
20:46 Scout Tower
20:46 Scout Tower
20:47 Scout Tower
20:48 Scout Tower
20:49 Scout Tower
20:50 Scout Tower
21:24 Guard Tower
21:25 Guard Tower
21:25 Guard Tower
21:26 Guard Tower
21:40 Farm
21:59 Watch Tower
22:04 Watch Tower
22:12 Watch Tower
22:44 Farm
25:04 Arcane Vault
25:43 Watch Tower
25:54 Scout Tower
25:55 Scout Tower
25:56 Scout Tower
26:03 Scout Tower
26:05 Scout Tower
27:10 Guard Tower
27:10 Guard Tower
27:11 Town Hall
28:48 Scout Tower
28:48 Scout Tower
28:49 Scout Tower
28:49 Scout Tower
28:50 Scout Tower
29:25 Guard Tower
29:25 Guard Tower
29:33 Guard Tower
29:33 Guard Tower
32:26 Scout Tower
32:27 Scout Tower
32:31 Scout Tower
32:35 Scout Tower
32:43 Scout Tower
32:44 Scout Tower
32:46 Scout Tower
32:49 Scout Tower
32:52 Scout Tower
32:55 Guard Tower
32:55 Guard Tower
33:08 Guard Tower
33:09 Guard Tower
33:11 Guard Tower
33:11 Guard Tower
33:12 Guard Tower
34:16 Guard Tower
36:01 Watch Tower
36:01 Watch Tower
36:02 Watch Tower
36:03 Watch Tower
36:07 Watch Tower
36:22 Watch Tower
36:24 Watch Tower
36:34 Watch Tower
36:38 Watch Tower
36:41 Watch Tower
36:47 Watch Tower
37:55 Great Hall
38:32 Voodoo Lounge
» items
| Scroll of Regeneration | 12 | |
| Boots of Speed | 1 | |
| Staff of Teleportation | 1 | |
| Potion of Invisibility | 4 | |
| Lesser Clarity Potion | 8 | |
| Potion of Healing | 8 | |
| Scroll of Town Portal | 5 | |
| Potion of Mana | 1 | |
40 total
HIRUZ (
green | 25 APM | 868 actions | 34:47)
5 Crypt Lord
2 Carrion Beetles
3 Impale
1 Far Seer
1 Earth Quake
» actions
| Build / train | 119 | |
| Enter build submenu | 20 | |
| Enter hero's abilities submenu | 6 | |
| Give item / drop item | 2 | |
| Remove unit from queue | 11 | |
| Right click | 258 | |
| Select / deselect | 275 | |
| Use ability | 177 | |
868 total
» units
| Acolyte | 14 | |
| Ghoul | 3 | |
| Crypt Fiend | 23 | |
| Wind Rider | 14 | |
| Troll Headhunter/Berserker | 5 | |
| Shaman | 7 | |
| Forest Troll High Priest | 1 | |
| Flying Machine | 11 | |
78 total
» upgrades
| Creature Attack | 2 | |
| Creature Carapace | 2 | |
| Web | 1 | |
| Burrow | 1 | |
| Berserker Upgrade | 1 | |
7 total
» buildings
| Graveyard | 4 | |
| Crypt | 2 | |
| Ziggurat | 9 | |
| Altar of Darkness | 1 | |
| Tomb of Relics | 1 | |
| Nerubian Tower | 5 | |
| Halls of the Dead | 1 | |
| Black Citadel | 1 | |
| Spirit Tower | 2 | |
| Orc Burrow | 1 | |
27 total
» build order
00:14 Graveyard
00:24 Graveyard
00:32 Graveyard
00:39 Graveyard
00:45 Crypt
00:55 Ziggurat
01:12 Altar of Darkness
01:44 Tomb of Relics
02:14 Ziggurat
02:48 Nerubian Tower
04:12 Ziggurat
04:19 Nerubian Tower
06:50 Halls of the Dead
06:58 Ziggurat
07:43 Nerubian Tower
08:41 Crypt
09:08 Ziggurat
09:19 Ziggurat
14:08 Nerubian Tower
15:47 Ziggurat
15:49 Ziggurat
15:50 Ziggurat
16:38 Black Citadel
18:44 Nerubian Tower
18:52 Spirit Tower
19:03 Spirit Tower
33:00 Orc Burrow
» items
| Rod of Necromancy | 2 | |
| Dust of Appearance | 1 | |
| Scroll of Town Portal | 4 | |
| Potion of Healing | 1 | |
8 total
team 2 (winner)

»
Nachtelf_Kairos (
pink | 67 APM | 2243 actions | 33:29)
7 Death Knight
3 Death Coil
3 Unholy Aura
1 Animate Dead
5 Lich
3 Frost Nova
2 Frost Armor
4 Naga Sea Witch
2 Frost Arrows
2 Mana Shield
» actions
| Assign group hotkey | 28 | |
| Basic commands | 9 | |
| Build / train | 110 | |
| Enter build submenu | 22 | |
| Enter hero's abilities submenu | 17 | |
| Give item / drop item | 5 | |
| Remove unit from queue | 3 | |
| Right click | 961 | |
| Select / deselect | 282 | |
| Select group hotkey | 722 | |
| Use ability | 84 | |
2243 total
» units
| Acolyte | 35 | |
| Ghoul | 6 | |
| Crypt Fiend | 11 | |
| Frost Wyrm | 7 | |
| Obsidian Statue | 3 | |
62 total
» upgrades
| Web | 1 | |
| Creature Attack | 3 | |
| Creature Carapace | 4 | |
| Freezing Breath | 1 | |
9 total
» buildings
| Graveyard | 2 | |
| Crypt | 1 | |
| Altar of Darkness | 1 | |
| Ziggurat | 9 | |
| Tomb of Relics | 1 | |
| Nerubian Tower | 1 | |
| Spirit Tower | 4 | |
| Halls of the Dead | 1 | |
| Necropolis | 1 | |
| Black Citadel | 1 | |
| Sacrificial Pit | 1 | |
| Slaughterhouse | 1 | |
| Boneyard | 1 | |
25 total
» build order
00:21 Graveyard
00:24 Graveyard
00:31 Crypt
00:46 Altar of Darkness
01:02 Ziggurat
01:17 Ziggurat
02:06 Tomb of Relics
02:12 Nerubian Tower
02:42 Spirit Tower
03:31 Ziggurat
04:10 Halls of the Dead
06:02 Necropolis
08:22 Ziggurat
08:23 Ziggurat
08:25 Ziggurat
08:32 Ziggurat
09:03 Black Citadel
09:28 Spirit Tower
09:30 Spirit Tower
09:31 Spirit Tower
10:29 Ziggurat
10:31 Ziggurat
10:40 Sacrificial Pit
14:36 Slaughterhouse
14:45 Boneyard
» items
| Rod of Necromancy | 1 | |
| Periapt of Vitality | 2 | |
| Circlet of Nobility | 1 | |
| Scroll of Town Portal | 2 | |
| Dust of Appearance | 1 | |
7 total

»
mauritswin (
orange | 15 APM | 536 actions | 36:36)
6 Blademaster
3 Wind Walk
1 Mirror Image
1 Critical Strike
1 Bladestorm
» actions
| Assign group hotkey | 1 | |
| Basic commands | 2 | |
| Build / train | 43 | |
| Enter build submenu | 19 | |
| Enter hero's abilities submenu | 6 | |
| Right click | 273 | |
| Select / deselect | 149 | |
| Select group hotkey | 9 | |
| Use ability | 34 | |
536 total
» units
| Peon | 4 | |
| Grunt | 5 | |
| Troll Headhunter/Berserker | 5 | |
| Wind Rider | 12 | |
| Kodo Beast | 2 | |
| Raider | 5 | |
| Troll Batrider | 1 | |
34 total
» upgrades
» buildings
| Orc Burrow | 9 | |
| Altar of Storms | 1 | |
| Barracks | 2 | |
| War Mill | 1 | |
| Stronghold | 1 | |
| Voodoo Lounge | 1 | |
| Beastiary | 4 | |
19 total
» build order
00:36 Orc Burrow
00:43 Altar of Storms
01:18 Barracks
02:15 War Mill
02:35 Barracks
04:44 Orc Burrow
04:51 Orc Burrow
04:59 Stronghold
06:06 Orc Burrow
06:08 Orc Burrow
06:19 Orc Burrow
06:40 Voodoo Lounge
07:33 Beastiary
07:35 Beastiary
07:47 Beastiary
07:55 Beastiary
25:29 Orc Burrow
26:13 Orc Burrow
28:22 Orc Burrow
HowLongHowLong (
blue | 68 APM | 2717 actions | 40:06)
8 Blademaster
3 Wind Walk
3 Critical Strike
1 Bladestorm
1 Mirror Image
» actions
| Assign group hotkey | 103 | |
| Basic commands | 239 | |
| Build / train | 68 | |
| Enter build submenu | 47 | |
| Enter hero's abilities submenu | 8 | |
| Give item / drop item | 9 | |
| Right click | 1325 | |
| Select / deselect | 272 | |
| Select group hotkey | 501 | |
| Use ability | 145 | |
2717 total
» units
| Peon | 19 | |
| Grunt | 3 | |
| Troll Witch Doctor | 2 | |
| Wind Rider | 2 | |
| Acolyte | 1 | |
27 total
» upgrades
| Ranged Weapons | 3 | |
| Reinforced Defenses | 1 | |
| Armor | 3 | |
| Witch Doctor Training | 2 | |
| Envenomed Spears | 1 | |
| Liquid Fire | 1 | |
| Spiked Barricades | 1 | |
| Pillage | 1 | |
13 total
» buildings
| Altar of Storms | 1 | |
| Orc Burrow | 7 | |
| Barracks | 1 | |
| Voodoo Lounge | 1 | |
| War Mill | 2 | |
| Stronghold | 1 | |
| Watch Tower | 22 | |
| Great Hall | 4 | |
| Spirit Lodge | 1 | |
| Fortress | 1 | |
| Beastiary | 6 | |
47 total
» build order
00:39 Altar of Storms
00:40 Orc Burrow
00:53 Barracks
01:20 Orc Burrow
01:57 Voodoo Lounge
02:39 War Mill
03:26 Stronghold
03:58 Watch Tower
04:00 Watch Tower
04:48 Great Hall
05:06 Watch Tower
05:14 Watch Tower
06:47 Watch Tower
06:49 Watch Tower
06:49 Watch Tower
07:26 Watch Tower
08:05 Watch Tower
08:06 Watch Tower
08:52 Spirit Lodge
09:31 Fortress
10:31 Watch Tower
10:31 Watch Tower
11:19 Watch Tower
11:20 Watch Tower
17:35 Great Hall
17:41 Watch Tower
17:41 Watch Tower
17:41 Watch Tower
17:42 Watch Tower
17:43 Watch Tower
17:43 Watch Tower
17:43 Watch Tower
20:25 War Mill
21:42 Beastiary
21:43 Beastiary
21:43 Beastiary
21:44 Beastiary
21:45 Beastiary
21:48 Beastiary
22:34 Orc Burrow
22:36 Orc Burrow
22:39 Orc Burrow
22:41 Orc Burrow
22:46 Orc Burrow
33:34 Great Hall
34:26 Great Hall
» items
| Healing Salve | 3 | |
| Boots of Speed | 1 | |
| Staff of Teleportation | 1 | |
| Periapt of Vitality | 1 | |
| Potion of Lesser Invulnerability | 1 | |
| Orb of Corruption | 1 | |
| Potion of Mana | 4 | |
| Potion of Healing | 2 | |
| Lesser Clarity Potion | 1 | |
| Scroll of Town Portal | 1 | |
| Scroll of Speed | 1 | |
17 total

»
HAKELION (
yellow | 30 APM | 1183 actions | 39:03)
3 Death Knight
1 Death Coil
2 Unholy Aura
2 Dreadlord
1 Carrion Swarm
1 Vampiric Aura
» actions
| Basic commands | 2 | |
| Build / train | 83 | |
| Enter build submenu | 40 | |
| Enter hero's abilities submenu | 5 | |
| Remove unit from queue | 1 | |
| Right click | 421 | |
| Select / deselect | 586 | |
| Use ability | 45 | |
1183 total
» units
| Acolyte | 38 | |
| Ghoul | 6 | |
| Crypt Fiend | 16 | |
| Gargoyle | 2 | |
62 total
» upgrades
| Creature Attack | 1 | |
| Creature Carapace | 1 | |
2 total
» buildings
| Altar of Darkness | 2 | |
| Ziggurat | 9 | |
| Crypt | 2 | |
| Nerubian Tower | 5 | |
| Graveyard | 1 | |
| Halls of the Dead | 1 | |
| Spirit Tower | 3 | |
| Sacrificial Pit | 1 | |
| Necropolis | 2 | |
| Slaughterhouse | 1 | |
| Black Citadel | 2 | |
29 total
» build order
00:34 Altar of Darkness
00:46 Ziggurat
01:12 Crypt
01:46 Ziggurat
02:35 Ziggurat
03:05 Nerubian Tower
03:40 Nerubian Tower
04:21 Graveyard
04:42 Ziggurat
05:05 Halls of the Dead
06:40 Spirit Tower
06:41 Spirit Tower
07:54 Sacrificial Pit
10:14 Necropolis
14:21 Ziggurat
14:36 Ziggurat
16:57 Nerubian Tower
17:39 Nerubian Tower
18:54 Slaughterhouse
21:25 Ziggurat
22:21 Nerubian Tower
23:06 Black Citadel
35:16 Black Citadel
36:41 Necropolis
37:27 Crypt
37:31 Altar of Darkness
37:38 Ziggurat
37:44 Ziggurat
38:36 Spirit Tower
Chat log
(00:18 / All) KeMaL: wahts your prob
(06:56 / All) HowLongHowLong: red is good at this game
(07:11 / All) KeMaL: ?
(07:20 / All) HowLongHowLong: shut up, nigger
(07:25 / All) KeMaL: fu nooob
(07:31 / All) HowLongHowLong: lol nice level 1 harass
(07:39 / All) KeMaL: lol level 2 noob
(07:42 / All) HowLongHowLong: really effective
(07:45 / All) HowLongHowLong: level 1 flamestrike noob
(07:52 / All) ImperatorOfRome: this base is open wider than rosie o'donnel's vagina
(07:57 / All) ImperatorOfRome: sup yellow
(08:05 / Allies) frau_meder: lol
(10:06 / All) HAKELION: imperator noooob
(10:27 / All) ImperatorOfRome: I'm not the one who can't move acolytes, bro.
(10:27 / All) HowLongHowLong: he rapes you repeatedly and that means he is noob
(10:40 / All) HAKELION: fucking noob
(10:44 / All) frau_meder: lol
(10:53 / All) KeMaL: you the only noobs here
(11:07 / Allies) KeMaL: chek
(12:06 / All) HowLongHowLong: sup kemal!
(12:17 / All) ImperatorOfRome: lol
(13:02 / All) KeMaL: noice bm noob
(13:07 / All) HowLongHowLong: nice hero
(13:08 / All) HowLongHowLong: well
(13:12 / All) HowLongHowLong: at least it WAS a nice hero
(13:13 / All) KeMaL: nice lamor
(13:33 / All) HowLongHowLong: nice expansion, ALMOST
(13:57 / All) ImperatorOfRome: nice try
(15:08 / All) ImperatorOfRome: hello again yellow!
(15:31 / All) HAKELION: nooob
(15:39 / All) ImperatorOfRome: You were raped by the exact same thing again
(15:43 / All) ImperatorOfRome: You can't learn from mistakes
(15:45 / All) ImperatorOfRome: A genuine idiot
(16:08 / Allies) KeMaL: lkole´waht u do?
(16:22 / Allies) KeMaL: only noobs here in my team ???????
(17:04 / Allies) HIRUZ: who control purple?
(17:15 / All) KeMaL: nice tower noob blue
(17:22 / All) KeMaL: can nly play hero
(17:24 / All) KeMaL: ?
(17:30 / All) KeMaL: go play dota
(17:34 / All) KeMaL: fu noob
(17:35 / Allies) HIRUZ: pls control purple
(17:39 / All) HowLongHowLong: can't beat one hero?
(17:51 / All) KeMaL: easy
(18:08 / All) KeMaL: my mates so stupid
(18:36 / All) HowLongHowLong: don't worry I'll get ya
(18:37 / All) KeMaL: go away
(18:46 / All) KeMaL: never
(19:45 / All) ImperatorOfRome: lol
(19:59 / Allies) KeMaL: make we anithing
(20:06 / Allies) KeMaL: or we wait for lose?
(20:08 / All) HowLongHowLong: STOOP KID'S AFRAID TO LEAVE HIS STOOP!
(20:15 / Allies) KeMaL: than can i leave start new game
(20:28 / All) HowLongHowLong: lawl
(20:30 / All) HowLongHowLong: why'd he leave
(20:42 / All) ImperatorOfRome: no idea
(23:45 / All) ImperatorOfRome: WE MEET AGAIN, STOOP KID.
(24:53 / All) ImperatorOfRome: lol
(25:03 / All) HowLongHowLong: he has 124 gold to his name now
(26:55 / All) ImperatorOfRome: I went from lvl 3 to 6 only off of bm harass
(29:07 / All) ImperatorOfRome: Are you seriously going to lose your hall to 1 hero?
(29:23 / All) Nachtelf_Kairos: :-*
(31:18 / All) ImperatorOfRome: fucking raped.
(33:35 / Allies) HIRUZ: ¿?
(33:38 / Allies) HIRUZ: stop
(33:54 / Allies) HIRUZ: why u kill the units?
(34:29 / Allies) HIRUZ: noob?
(34:50 / All) mauritswin: WTF
(34:56 / All) ImperatorOfRome: What is it, buddy?
(34:57 / All) mauritswin: FUCKING NOOB BLUE
(35:34 / All) ImperatorOfRome: Here comes the peons, yellow.
(35:39 / All) ImperatorOfRome: Here comes the cavalry.
(38:23 / All) ImperatorOfRome: How does it feel to watch purple get the gold that you could not?
(39:12 / All) ImperatorOfRome: I almost feel sorry for him
(39:16 / All) ImperatorOfRome: I dominated this game with 1 hero
(39:24 / All) ImperatorOfRome: so bad, they never even got shades
(39:26 / All) HowLongHowLong: he was funny
(39:29 / All) ImperatorOfRome: Green is 86-91
(39:31 / All) ImperatorOfRome: upload your side
(39:37 / All) ImperatorOfRome: Red is 351-370
(39:38 / All) HowLongHowLong: my tream all sub 50%
(39:49 / All) ImperatorOfRome: purple is 136-130
(39:50 / All) HowLongHowLong: red should lose IMO
(40:03 / All) HowLongHowLong: red was a faggot
(40:03 / All) ImperatorOfRome: Alright
(40:05 / All) ImperatorOfRome: Red it is